 Dungeon Crawl Stone Soup version 0.18-a0-1497-g788d838 (webtiles) character file.

343651 xeno23 the Warrior (level 22, -2/226 HPs)
             Began as a Naga Venom Mage on Mar 2, 2016.
             Was a High Priest of Cheibriados.
             Slain by an azure jelly (7 damage)
             ... created by the Royal Jelly
             ... on level 6 of the Pits of Slime on Mar 4, 2016.
             The game lasted 05:20:02 (43980 turns).

xeno23 the Warrior (Naga Venom Mage)               Turns: 43980, Time: 05:20:02

Health: -2/226     AC: 24    Str: 25    XL:     22   Next: 6%
Magic:  33/47      EV: 23    Int: 39    God:    Cheibriados [*****.]
Gold:   1322       SH: 15    Dex: 37    Spells: 11 memorised, 2 levels left

rFire  . . .     SeeInvis +     w - +9 double sword (slice)
rCold  + + .     Gourm    .     (armour currently unavailable)
rNeg   + . .     Faith    .     A - +2 shield {reflect}
rPois  ∞         Spirit   .     O - +3 hat of Pondering {ponderous, MR+ MP+10 Int+5}
rElec  +         Dismiss  .     D - +2 cloak
rCorr  .         Reflect  +     (gloves currently unavailable)
SustAt .         Harm     .     (no barding)
MR     +++..     Clarity  +     S - amulet of the Solstice {RegenMP rC+}
Stlth  +++++++...               K - ring of Mieviq {rC+ Int+5 Slay+2 Stlth-}
                                G - +5 ring of dexterity

@: about to teleport, statue-form, corroded equipment, very slow, extremely
resistant to hostile enchantments, extremely stealthy
A: fangs 1, stinger 1, (yellow scales 0), see invisible, clarity, deformed body,
dopey 1, frail 2, sense surroundings 1, poison resistance, electricity
resistance, (slowness 0), slow metabolism 1, spit poison 3, weak 1, constrict 1,
AC +7
a: Breathe Poison Gas, End Transformation, Bend Time, Temporal Distortion,
Slouch, Step From Time, Renounce Religion
}: 2/15 runes: barnacled, gossamer


You were on level 6 of the Pits of Slime.
You worshipped Cheibriados.
Cheibriados was extremely pleased with you.
You were not hungry.
You were a stone statue.
You visited 8 branches of the dungeon, and saw 43 of its levels.
You visited 1 bazaar.
You also visited: Labyrinth, Ice Cave and Volcano.

You collected 5350 gold pieces.
You spent 4028 gold pieces at shops.

Inventory:

Hand Weapons
 w - a +9 double sword of slicing (weapon)
Missiles
 k - 9 throwing nets (quivered)
Armour
 h - a +3 naga barding of cold resistance (melded)
 z - a +2 fire dragon armour (melded)
 A - a +2 shield of reflection (worn)
 D - a +2 cloak (worn)
 O - the +3 hat of Pondering (worn) {ponderous, MR+ MP+10 Int+5}
   (You took it off Gastronok on level 2 of the Lair of Beasts)

   It affects your intelligence (+5).
   It affects your resistance to hostile enchantments.
   It affects your magic capacity (+10).
 Q - a +2 pair of gloves of dexterity (melded)
Jewellery
 G - a +5 ring of dexterity (left hand)
 K - the ring of Mieviq (right hand) {rC+ Int+5 Slay+2 Stlth-}
   (You took it off a deep elf mage on level 3 of the Elven Halls)

   [ring of loudness]

   It affects your intelligence (+5).
   It affects your accuracy and damage with ranged weapons and melee attacks
   (+2).
   It protects you from cold.
   It makes you less stealthy.
 S - the amulet of the Solstice (around neck) {RegenMP rC+}
   (You found it on level 4 of the Shoals)

   [amulet of magic regeneration]

   It increases your magic regeneration.
   It protects you from cold.
Wands
 g - a wand of paralysis (24/24)
 C - a wand of teleportation (5/9)
 M - a wand of iceblast (9/15)
 U - a wand of digging (15/24)
Scrolls
 d - 23 scrolls of remove curse
 e - a scroll of summoning
 l - 3 scrolls of fog
 n - 6 scrolls of blinking
 o - 5 scrolls of fear
 r - 8 scrolls of amnesia
 t - 12 scrolls of teleportation
 v - 3 scrolls of recharging
 y - 6 scrolls of enchant armour
 I - 2 scrolls of silence
 J - 4 scrolls of holy word
 W - 4 scrolls of magic mapping
Potions
 i - 12 potions of might
 m - 5 potions of ambrosia
 p - 18 potions of curing
 B - a potion of invisibility
 F - 4 potions of brilliance
 H - 8 potions of heal wounds
 R - 5 potions of magic
 T - a potion of flight
 V - 4 potions of agility
 X - 6 potions of resistance
Books
 x - a book of Envenomations

   Spells                             Type                      Level
   a - Spider Form                    Transmutation/Poison         3
   b - Olgreb's Toxic Radiance        Poison                       4
   c - Alistair's Intoxication        Transmutation/Poison         5
   d - Poisonous Cloud                Conjuration/Poison/Air       6
Comestibles
 c - 31 bread rations
 j - 9 meat rations
 s - 32 fruits


   Skills:
 + Level 17.2 Fighting
 + Level 14.3 Long Blades
 - Level 7.5 Armour
 + Level 10.6 Dodging
 + Level 17.1 Stealth
 * Level 6.5 Shields
 - Level 11.5 Spellcasting
 - Level 9.5 Conjurations
 + Level 3.5 Charms
 - Level 5.7 Translocations
 - Level 11.1 Transmutations
 + Level 3.1 Air Magic
 - Level 10.1 Earth Magic
 - Level 11.8 Poison Magic
 - Level 13.1 Invocations


You had 2 spell levels left.
You knew the following spells:

 Your Spells              Type           Power        Failure   Level  Hunger
a - Venom Bolt            Conj/Pois      #######...   1%          5    None
b - Sublimation of Blood  Necr           ###.......   6%          2    None
c - Ignite Poison         Fire/Trmt/Pois ######..     1%          3    None
d - Mephitic Cloud        Conj/Pois/Air  ######..     1%          3    None
g - Blink                 Tloc           N/A          1%          2    None
q - Statue Form           Trmt/Erth      #######..    6%          6    ###....
r - Deflect Missiles      Chrm/Air       #####.....   92%         6    ###....
s - Olgreb's Toxic Radia  Pois           #######.     1%          4    None
v - Apportation           Tloc           ######....   1%          1    None
w - Passage of Golubria   Tloc           N/A          2%          4    None
x - Poisonous Cloud       Conj/Pois/Air  ######....   14%         6    ###....


Dungeon Overview and Level Annotations

Branches:
Dungeon (15/15)            Temple (1/1) D:5            Lair (8/8) D:8
 Shoals (4/4) Lair:3       Spider (4/4) Lair:6        Slime (6/6) Lair:8
    Orc (2/2) D:12            Elf (3/3) Orc:2        Vaults (0/5) D:14
 Depths (0/5) D:15

Altars:
Ashenzari
Cheibriados
Dithmenos
Elyvilon
Fedhas
Gozag
Kikubaaqudgha
Nemelex Xobeh
Okawaru
Qazlal
Sif Muna
Trog
Vehumet
Yredelemnul
The Shining One
Beogh
Jiyva

Shops:
D:5 (   D:6 ((   D:8 *   D:12 (   Orc:2 ?=*!   Elf:1 (   Elf:2 (   Shoals:3 (}[

Annotations:
D:6 exclusion: oklob plant
Slime:6 Royal Jelly


Innate Abilities, Weirdness & Mutations

You cannot wear boots.
((Your serpentine skin is tough (AC +7).))
You have supernaturally acute eyesight.
Armour fits poorly on your strangely shaped body.
Your system is resistant to poisons.
((You cover ground very slowly.))
You have a slow metabolism.
You can exhale a cloud of poison.
You can use your snake-like lower body to constrict enemies.
You have very sharp teeth.
Your tail ends in a poisonous barb.
((You are partially covered in yellow scales (AC +2).))
You possess an exceptional clarity of mind.
You are dopey. (Int -2)
You are very frail (-20% HP).
You passively map a small area around you.
You are resistant to electric shocks.
You are weak. (Str -2)


Message History

The Royal Jelly hits you.
You are splashed with acid!
The acid corrodes you!
The acid burns!
* * * LOW HITPOINT WARNING * * *
The azure jelly is engulfed in roaring flames.
The azure jelly completely misses you. x2; The azure jelly hits you.
* * * LOW HITPOINT WARNING * * *
You block the azure jelly's attack.
The azure jelly is engulfed in roaring flames.
The acid blob hits you!!
* * * LOW HITPOINT WARNING * * *
You are splashed with acid!
The acid burns!
* * * LOW HITPOINT WARNING * * *
The death ooze hits you but does no damage.
The death ooze hits you!
* * * LOW HITPOINT WARNING * * *
The azure jelly is engulfed in roaring flames.
The azure jelly hits you.
* * * LOW HITPOINT WARNING * * *
The azure jelly freezes you! You resist.
You die...

, ..............##
, *
..................#
,,
...............^###
................#
..............### ,
...............#
,....§§§......###
...§§§JJJ.....## ,
.J.J§JJ8J......#
......JJJ......#
,......JJJ.....## ,
......J....####
..........##
..........#
........### , ,
........# .....##*


You could see the Royal Jelly, 7 acid blobs, 3 azure jellies, a slime creature,
2 death oozes and a jelly.

Vanquished Creatures
  3 deep elf blademasters
  The ghost of Tomstefer the Shatterer, an adept MiBe of Trog (Shoals:4)
  2 krakens (Shoals:4)
  2 deep elf master archers (Elf:3)
  Gastronok (Lair:2)
  Polyphemus (Shoals:3)
  8 acid blobs
  Frances (Elf:1)
  Kirke (Shoals:2)
  7 azure jellies
  Ilsuiw (Shoals:4)
  Wiglaf (Elf:2)
  Donald (Elf:2)
  A frost giant (D:15)
  2 deep elf sorcerers (Elf:3)
  4 ghost moths
  Maud (Lair:5)
  An orc warlord (Orc:2)
  4 emperor scorpions
  2 ghouls (D:13)
  Louise (Shoals:3)
  3 deep elf elementalists
  A stone giant (Orc:2)
  Nessos (D:12)
  6 deep elf demonologists
  8 deep elf annihilators (Elf:3)
  5 spark wasps
  The ghost of zkyp the Unseen, a journeyman HaAs of Okawaru (Volcano)
  An ettin (Orc:2)
  Josephine (D:12)
  4 vault guards (D:14)
  6 deep elf death magi (Elf:3)
  A death ooze (Slime:5)
  7 merfolk javelineers (Shoals:4)
  A fire dragon (D:14)
  The ghost of Azzok the Grappler, a journeyman TrFi of Okawaru (Lair:2)
  A minotaur (Lab)
  Fannar (Lair:1)
  8 merfolk impalers
  4 deep elf high priests
  A great orb of eyes (Slime:6)
  4 entropy weavers
  A ghost crab (shapeshifter) (D:14)
  2 death knights
  Erica (Lair:1)
  16 hydras
  A catoblepas (Shoals:3)
  6 centaur warriors
  3 satyrs
  5 merfolk aquamancers
  A tengu warrior (D:14)
  31 dancing weapons
  5 merfolk avatars
  17 death yaks
  21 deep elf knights
  5 orc high priests
  The ghost of PeterLawrence the Basher, a novice GrFi of Okawaru (D:9)
  6 skeletal warriors
  A fire crab (Lair:8)
  An unseen horror (D:15)
  17 sea snakes
  A giant orange brain (Slime:5)
  4 hill giants
  6 orc knights
  Pikel (D:9)
  17 deep elf archers
  14 harpies
  A wolf spider zombie (D:13)
  14 wolf spiders
  4 orc sorcerers
  7 cyclopes
  2 griffons (Shoals:4)
  A wolf spider (shapeshifter) (Elf:3)
  16 orb spiders
  60 deep elf magi
  6 ugly things
  7 fauns
  4 shining eyes
  2 moths of wrath
  A manticore (shapeshifter) (Elf:1)
  8 hornets
  5 elephants (Lair:5)
  18 manticores
  15 sirens
  3 toenail golems (Volcano)
  3 ice statues (IceCv)
  An octopode (shapeshifter) (D:14)
  3 black mambas
  Psyche (D:9)
  8 water nymphs
  8 centaur zombies
  5 gargoyles
  3 torpor snails
  2 eyes of devastation
  27 spiny frogs
  4 rime drakes
  10 komodo dragons
  2 freezing wraiths
  11 demonic crawlers
  A guardian mummy (D:13)
  37 jumping spiders
  6 giant leeches (Lair:8)
  A tengu conjurer (D:14)
  8 trolls
  A polar bear (Lair:8)
  5 two-headed ogres
  50 merfolk
  30 slime creatures
  25 blink frogs
  Prince Ribbit (Lair:2)
  2 hornet zombies (D:13)
  2 boulder beetles (Lair:8)
  16 snapping turtles
  A shadow (D:14)
  An air elemental (Elf:3)
  77 redbacks
  2 vampires
  9 wraiths
  39 yaks
  15 water elementals
  A spriggan (D:9)
  2 hogs (Shoals:2)
  37 tarantellas
  4 wyverns
  4 golden eyes
  5 fire elementals
  7 humans
  4 basilisks
  17 hippogriffs
  3 hungry ghosts
  35 wolves
  A mottled dragon (D:14)
  8 vampire mosquitoes
  4 wargs (Orc:2)
  17 water moccasins
  8 sky beasts
  12 porcupines
  56 orc warriors
  18 ice beasts
  2 phantoms
  4 slaves (D:9)
  2 wasps (Spider:4)
  4 eyes of draining
  17 ogres
  4 necrophages
  3 black bears
  20 centaurs
  21 crocodiles
  A big kobold (shapeshifter) (D:15)
  48 giant frogs
  2 big kobolds
  2 earth elementals (Elf:3)
  3 wyvern zombies
  A gnoll sergeant (Lair:1)
  6 scorpions
  3 killer bees
  12 electric eels
  2 vampire bats (Lair:6)
  6 wights
  13 howler monkeys
  A lava snake (Orc:1)
  6 giant frog zombies
  9 crimson imps
  3 quasits
  15 jellies
  6 centaur skeletons
  2 giant frog skeletons
  39 orc priests
  9 hounds
  38 orc wizards
  13 iguanas
  13 worker ants
  A killer bee zombie (D:11)
  12 sheep
  A hound zombie (D:7)
  2 human simulacra (D:9)
  3 mummies (D:13)
  2 hound skeletons
  4 gnolls (Orc:1)
  18 adders
  A howler monkey skeleton (D:4)
  83 river rats
  3 shadow imps
  An adder zombie (D:9)
  4 worms (D:3)
  2 dart slugs (D:1)
  6 giant geckos
  163 orcs
  7 giant cockroaches
  8 goblins
  8 hobgoblins
  6 jackals
  6 quokkas
  3 ball pythons
  19 bats
  A giant gecko skeleton (D:4)
  A giant gecko zombie (D:6)
  7 giant newts
  14 kobolds
  7 rats
  A bush (D:6)
  A crawling corpse (Elf:3)
  8 plants
  5 tentacles (Shoals:4)
1868 creatures vanquished.

Vanquished Creatures (others)
  A deep elf annihilator (Elf:3)
  A merfolk javelineer (Shoals:2)
  A deep elf archer (Elf:3)
  A deep elf mage (Elf:2)
  A faun (Shoals:4)
  A cyclops (Shoals:4)
  A manticore (Shoals:3)
  A jumping spider (Spider:4)
  A merfolk (Shoals:4)
  A slime creature (Slime:5)
  2 humans (Shoals:2)
  A worker ant zombie (D:9)
  A crawling corpse (Elf:3)
  37 fungi
  41 plants
  4 tentacles (Shoals:4)
  78 tentacle segments (Shoals:4)
  9 toadstools (D:6)
183 creatures vanquished.

Grand Total: 2051 creatures vanquished

Notes
Turn   | Place    | Note
--------------------------------------------------------------
     0 | D:1      | xeno23 the Naga Venom Mage began the quest for the Orb.
     0 | D:1      | Reached XP level 1. HP: 15/15 MP: 3/3
   166 | D:1      | Reached XP level 2. HP: 15/24 MP: 1/5
   306 | D:1      | Reached skill level 1 in Fighting
   377 | D:1      | Reached XP level 3. HP: 21/31 MP: 3/6
   827 | D:2      | Found a shadowy altar of Dithmenos.
   952 | D:2      | Reached XP level 4. HP: 38/38 MP: 3/7
  1027 | D:2      | Reached skill level 1 in Conjurations
  1628 | D:3      | Learned a level 3 spell: Mephitic Cloud
  1633 | D:3      | Learned a level 4 spell: Olgreb's Toxic Radiance
  1781 | D:3      | Reached XP level 5. HP: 42/45 MP: 0/9
  2450 | D:4      | Reached XP level 6. HP: 55/55 MP: 0/10
  3111 | D:5      | Entered Level 5 of the Dungeon
  3177 | D:5      | Noticed a sky beast
  3181 | D:5      | Reached XP level 7. HP: 55/62 MP: 3/11
  3317 | D:5      | Found Pitso's Antique Weapon Boutique.
  3385 | D:5      | Bought a transparent long sword for 229 gold pieces
  3385 | D:5      | Identified the +11 long sword of the Depths {slice, rC+ Stlth+} (You bought it in a shop on level 5 of the Dungeon)
  3540 | D:5      | Found a staircase to the Ecumenical Temple.
  3568 | Temple   | Entered the Ecumenical Temple
  3573 | Temple   | Became a worshipper of Cheibriados the Contemplative
  3648 | D:5      | Reached skill level 1 in Long Blades
  3923 | D:5      | Reached XP level 8. HP: 51/72 MP: 11/13
  3928 | D:5      | Reached skill level 5 in Stealth
  4333 | D:6      | Reached * piety under Cheibriados
  4347 | D:6      | Learned a level 5 spell: Venom Bolt
  4487 | D:6      | Reached skill level 1 in Invocations
  4553 | D:6      | Found Ynaet's Antique Weapon Shop.
  4789 | D:6      | Reached XP level 9. HP: 79/79 MP: 10/14
  5027 | D:6      | Found an ancient bone altar of Kikubaaqudgha.
  5069 | D:6      | Found Ysudghyr's Antique Weapon Shoppe.
  5124 | D:6      | Noticed a gargoyle
  5161 | D:6      | Killed a gargoyle
  5161 | D:6      | Reached skill level 5 in Fighting
  5199 | D:6      | Found a blossoming altar of Fedhas.
  5287 | D:6      | Noticed an oklob plant
  5447 | D:7      | Reached skill level 5 in Conjurations
  5451 | D:7      | Reached ** piety under Cheibriados
  5786 | D:7      | Got a brightly glowing falchion
  5787 | D:7      | Identified the +9 falchion of Righteous Fury {drain, +Inv SInv Stlth-} (You found it on level 7 of the Dungeon)
  6025 | D:7      | Reached *** piety under Cheibriados
  6035 | D:7      | HP: 3/81 [shadow imp (3)]
  6042 | D:7      | HP: 3/121 [poisoned by you (toxic radiance)]
  6045 | D:7      | Reached XP level 10. HP: 4/90 MP: 4/16
  6048 | D:7      | HP: 3/135 [poisoned by you (toxic radiance)]
  6057 | D:7      | HP: 4/135 [poisoned by you (toxic radiance)]
  6063 | D:7      | HP: 3/90 [poisoned by you (toxic radiance)]
  6069 | D:7      | HP: 3/90 [poisoned by you (toxic radiance)]
  6075 | D:7      | HP: 4/90 [poisoned by you (toxic radiance)]
  6537 | D:7      | Gained mutation: You passively map a small area around you. [potion of beneficial mutation]
  6577 | D:8      | Reached skill level 5 in Long Blades
  6723 | D:8      | Reached **** piety under Cheibriados
  6827 | D:8      | Gained mutation: You are frail (-10% HP). [mutagenic meat]
  6828 | D:8      | Gained mutation: Your tail ends in a poisonous barb. [mutagenic meat]
  6829 | D:8      | Gained mutation: You are weak. (Str -2) [mutagenic meat]
  6830 | D:8      | Gained mutation: You are partially covered in yellow scales (AC +2). [mutagenic meat]
  6992 | D:8      | Found Sawu Kir's General Store.
  6995 | D:8      | Bought a potion of heal wounds for 55 gold pieces
  7030 | D:8      | Found a staircase to the Lair.
  7036 | D:8      | Reached skill level 10 in Poison Magic
  7420 | D:9      | Noticed Psyche
  7491 | D:9      | Killed Psyche
  7546 | D:9      | Noticed Pikel
  7547 | D:9      | Reached ***** piety under Cheibriados
  7557 | D:9      | Noticed PeterLawrence's ghost (novice GrFi)
  7560 | D:9      | Killed Pikel
  7754 | D:9      | Killed PeterLawrence's ghost
  7754 | D:9      | Reached XP level 11. HP: 51/88 MP: 18/18
  7840 | D:9      | Got a crude dagger
  7841 | D:9      | Identified the +9 dagger of Cowardice {pierce, *Rage rElec Str+5} (You found it on level 9 of the Dungeon)
  8134 | D:10     | Entered Level 10 of the Dungeon
  8225 | D:10     | Reached skill level 5 in Spellcasting
  8493 | D:10     | Noticed a hill giant
  8504 | D:10     | Killed a hill giant
  8782 | D:10     | Reached ****** piety under Cheibriados
  9498 | D:11     | Noticed an eight-headed hydra
  9771 | D:11     | Noticed a hill giant
  9774 | D:11     | Killed a hill giant
  9930 | D:11     | Noticed a manticore
  9937 | D:11     | Killed a manticore
  9943 | D:11     | Noticed a manticore
  9962 | D:11     | Killed a manticore
 10080 | D:11     | Killed an eight-headed hydra
 10532 | D:11     | Noticed a hill giant
 10538 | D:11     | Killed a hill giant
 10538 | D:11     | Reached skill level 5 in Invocations
 10650 | Lair:1   | Entered Level 1 of the Lair of Beasts
 10691 | Lair:1   | Reached XP level 12. HP: 76/98 MP: 19/19
 10790 | Lair:1   | Reached skill level 5 in Dodging
 10839 | Lair:1   | Noticed Fannar
 10849 | Lair:1   | Killed Fannar
 10861 | Lair:1   | Noticed Erica
 10888 | Lair:1   | Killed Erica
 11117 | Lair:1   | Reached skill level 10 in Stealth
 11315 | Lair:2   | Noticed Gastronok
 11322 | Lair:2   | Noticed a four-headed hydra
 11324 | Lair:2   | Killed Gastronok
 11521 | Lair:2   | Learned a level 1 spell: Apportation
 11540 | Lair:2   | Killed a four-headed hydra
 11544 | Lair:2   | Noticed a seven-headed hydra
 11566 | Lair:2   | Noticed Azzok's ghost (journeyman TrFi)
 11582 | Lair:2   | Found a frozen archway.
 11615 | IceCv    | Entered an ice cave
 11778 | IceCv    | Learned a level 2 spell: Blink
 11913 | IceCv    | Got a jasper-encrusted ring mail
 11924 | IceCv    | Identified the cursed +0 ring mail of Creativity {SInv} (You found it in an ice cave)
 11977 | IceCv    | Reached skill level 1 in Translocations
 13091 | IceCv    | Gained mutation: You can use your snake-like lower body to constrict enemies. [Naga growth]
 13091 | IceCv    | Reached XP level 13. HP: 36/109 MP: 20/20
 13246 | IceCv    | Got a steaming scythe
 13272 | IceCv    | Identified the +4 scythe of Subjectivity {slice, +Fly rC+ Str+4 Int-2} (You found it in an ice cave)
 13553 | Lair:2   | Killed Azzok's ghost
 13553 | Lair:2   | Reached skill level 10 in Fighting
 13797 | Lair:2   | Noticed Prince Ribbit
 13807 | Lair:2   | Killed Prince Ribbit
 14552 | Lair:3   | Found a staircase to the Shoals.
 14728 | Lair:3   | Reached skill level 10 in Long Blades
 15288 | Lair:4   | Found a dark tunnel.
 15311 | Lair:4   | Learned a level 4 spell: Passage of Golubria
 15314 | Volcano  | Entered a volcano
 15314 | Volcano  | Noticed zkyp's ghost (journeyman HaAs)
 15330 | Volcano  | Killed zkyp's ghost
 15330 | Volcano  | Reached skill level 5 in Translocations
 15621 | Volcano  | Reached XP level 14. HP: 96/121 MP: 21/21
 17134 | Lair:5   | Noticed Maud
 17142 | Lair:5   | Killed Maud
 17547 | Lair:6   | Found a hole to the Spider Nest.
 17845 | Lair:6   | Reached skill level 1 in Armour
 18528 | Lair:7   | Found a labyrinth entrance.
 18582 | Lab      | Entered a labyrinth
 18924 | Lair:7   | Learned a level 2 spell: Sublimation of Blood
 18929 | Lair:7   | Learned a level 3 spell: Ignite Poison
 19697 | Lair:8   | Entered Level 8 of the Lair of Beasts
 19831 | Lair:8   | Reached XP level 15. HP: 93/133 MP: 17/25
 20734 | Lair:8   | Found a staircase to the Slime Pits.
 20735 | Lair:8   | Found a viscous altar of Jiyva.
 21635 | Lair:1   | Upgraded the game from 0.18-a0-1481-g708b138 to 0.18-a0-1497-g788d838
 21995 | D:12     | Noticed Josephine
 22014 | D:12     | Killed Josephine
 22063 | D:12     | Noticed Nessos
 22093 | D:12     | Killed Nessos
 22132 | D:12     | Found a staircase to the Orcish Mines.
 22135 | D:12     | Found Xiex Riu's Weapon Boutique.
 22860 | D:13     | Noticed a ghoul
 22873 | D:13     | Killed a ghoul
 22919 | D:13     | Found a flickering gateway to a bazaar.
 22953 | Bazaar   | Entered a bazaar
 22961 | Bazaar   | Found Raydin's Gadget Shop.
 22967 | Bazaar   | Bought a wand of teleportation (5/9) for 324 gold pieces
 22974 | Bazaar   | Found Reulugon's Book Shop.
 22980 | Bazaar   | Bought a book of Transfigurations for 440 gold pieces
 22987 | Bazaar   | Learned a level 6 spell: Statue Form
 23016 | Bazaar   | Bought a box of beasts for 240 gold pieces
 23088 | D:13     | Reached XP level 16. HP: 138/144 MP: 28/28
 23096 | D:13     | Reached skill level 1 in Transmutations
 23096 | D:13     | Reached skill level 1 in Earth Magic
 24371 | D:14     | Found a gate to the Vaults.
 24707 | D:14     | Reached skill level 5 in Transmutations
 24970 | D:14     | Reached skill level 5 in Earth Magic
 25150 | D:15     | Entered Level 15 of the Dungeon
 25225 | D:15     | Found an opulent altar of Gozag.
 25547 | D:15     | Identified 2 scrolls of acquirement
 25682 | D:15     | Found a staircase to the Depths.
 26293 | Orc:1    | Entered Level 1 of the Orcish Mines
 26405 | Orc:1    | Reached skill level 1 in Shields
 26655 | Orc:2    | Entered Level 2 of the Orcish Mines
 26918 | Orc:2    | Found Merieh's Assorted Antiques.
 26931 | Orc:2    | Bought a scroll of enchant armour for 157 gold pieces
 26931 | Orc:2    | Bought a scroll of identify for 42 gold pieces
 26931 | Orc:2    | Bought a potion of curing for 63 gold pieces
 26938 | Orc:2    | Found Daet's Distillery.
 26955 | Orc:2    | Bought a potion of curing for 45 gold pieces
 26955 | Orc:2    | Bought a potion of heal wounds for 75 gold pieces
 26955 | Orc:2    | Bought a potion of invisibility for 120 gold pieces
 26955 | Orc:2    | Bought a potion of resistance for 150 gold pieces
 27022 | Orc:2    | Found a roughly hewn altar of Beogh.
 27477 | Orc:2    | Reached XP level 17. HP: 151/151 MP: 29/29
 27599 | Orc:2    | Found a staircase to the Elven Halls.
 27791 | Orc:2    | Found Nyicwid's Magic Scroll Shop.
 27817 | Orc:2    | Bought a scroll of blinking for 90 gold pieces
 27817 | Orc:2    | Bought a scroll of fear for 42 gold pieces
 27817 | Orc:2    | Bought a scroll of identify for 24 gold pieces
 27902 | Orc:2    | Found Lumoul's Jewellery Shoppe.
 27978 | Orc:2    | Found a roughly hewn altar of Beogh.
 28683 | Spider:1 | Entered Level 1 of the Spider Nest
 29503 | Spider:1 | Reached skill level 10 in Invocations
 31025 | Spider:3 | Reached XP level 18. HP: 85/159 MP: 30/30
 31143 | Spider:3 | Got an ancient morningstar
 31144 | Spider:3 | Identified the cursed +3 morningstar "Spiderslayer" {crush, Int+4 Dex+4} (You found it on level 3 of the Spider Nest)
 31216 | Spider:4 | Entered Level 4 of the Spider Nest
 31294 | Spider:4 | Reached skill level 15 in Fighting
 32025 | Spider:4 | Got a gossamer rune of Zot
 32090 | Spider:4 | Reached skill level 10 in Transmutations
 32403 | Shoals:1 | Entered Level 1 of the Shoals
 33465 | Shoals:2 | Noticed Kirke
 33479 | Shoals:2 | Killed Kirke
 33609 | Shoals:2 | Gained mutation: You are dopey. (Int -2) [potion of mutation]
 33609 | Shoals:2 | Gained mutation: You can exhale a cloud of poison. [potion of mutation]
 33609 | Shoals:2 | Gained mutation: You have very sharp teeth. [potion of mutation]
 33678 | Shoals:2 | Reached skill level 10 in Earth Magic
 34175 | Shoals:2 | Reached XP level 19. HP: 129/169 MP: 32/32
 34604 | Shoals:3 | Found Dumop's Antique Armour Shoppe.
 34610 | Shoals:3 | Bought a faintly glowing scale mail for 342 gold pieces
 34620 | Shoals:3 | Identified the +1 scale mail of Etrea {rN+ MR+} (You bought it in a shop on level 3 of the Shoals)
 34635 | Shoals:3 | Found Exzou's Gadget Shop.
 34889 | Shoals:3 | Noticed Polyphemus
 34906 | Shoals:3 | Killed Polyphemus
 34992 | Shoals:3 | Noticed Louise
 35002 | Shoals:3 | Killed Louise
 35052 | Shoals:3 | Found Lodaor's Weapon Boutique.
 35461 | Shoals:4 | Entered Level 4 of the Shoals
 35519 | Shoals:4 | Got a barnacled rune of Zot
 35970 | Shoals:4 | Noticed Ilsuiw
 35980 | Shoals:4 | Killed Ilsuiw
 36327 | Shoals:4 | Reached skill level 15 in Stealth
 36340 | Shoals:4 | Got a slimy bone ring
 36348 | Shoals:4 | Identified the ring of Matak {rPois MP+9} (You took it off a merfolk impaler on level 4 of the Shoals)
 36353 | Shoals:4 | Got a serpentine platinum amulet
 36355 | Shoals:4 | Identified the amulet of the Solstice {RegenMP rC+} (You found it on level 4 of the Shoals)
 36464 | Shoals:4 | Noticed Tomstefer's ghost (adept MiBe)
 36487 | Shoals:4 | Killed Tomstefer's ghost
 36824 | Shoals:4 | Reached skill level 10 in Spellcasting
 37064 | Shoals:4 | Reached XP level 20. HP: 169/179 MP: 26/34
 37262 | Lair:1   | Got a twisted naga barding
 37273 | Lair:1   | Identified the +3 naga barding of Jigsaw {rElec rC- MR+++ Int+3} (You acquired it on level 1 of the Lair of Beasts)
 37498 | Orc:2    | Bought a shiny fire dragon armour for 1260 gold pieces
 37648 | Orc:2    | Bought a scroll of holy word for 90 gold pieces
 37710 | Elf:1    | Entered Level 1 of the Elven Halls
 37728 | Elf:1    | Reached skill level 10 in Dodging
 37773 | Elf:1    | Found Harch's Weapon Shop.
 37954 | Elf:1    | Reached skill level 5 in Armour
 37996 | Elf:1    | Noticed Frances
 38459 | Elf:1    | Killed Frances
 38953 | Elf:2    | Found Kipn's Weapon Boutique.
 39081 | Elf:2    | Found a runed gate.
 39081 | Elf:2    | Found a runed gate.
 39082 | Elf:2    | Found a runed gate.
 39273 | Elf:2    | Noticed Donald
 39278 | Elf:2    | Killed Donald
 39281 | Elf:2    | Gained mutation: You possess an exceptional clarity of mind. [potion of mutation]
 39281 | Elf:2    | Gained mutation: You are resistant to electric shocks. [potion of mutation]
 39525 | Elf:2    | Noticed Wiglaf
 39531 | Elf:2    | Killed Wiglaf
 39684 | Elf:3    | Entered Level 3 of the Elven Halls
 39807 | Elf:3    | Reached XP level 21. HP: 186/186 MP: 35/35
 39971 | Elf:3    | Reached skill level 5 in Shields
 41066 | Elf:3    | Got a brightly glowing bone ring
 41098 | Elf:3    | Identified the ring of Mieviq {rC+ Int+5 Slay+2 Stlth-} (You took it off a deep elf mage on level 3 of the Elven Halls)
 41382 | Elf:3    | Learned a level 6 spell: Deflect Missiles
 41546 | Orc:2    | Bought a scroll of brand weapon for 240 gold pieces
 41846 | Lair:6   | Reached skill level 1 in Charms
 41926 | Slime:1  | Entered Level 1 of the Pits of Slime
 41951 | Slime:1  | Reached skill level 1 in Air Magic
 43178 | Slime:5  | Gained mutation: You are very frail (-20% HP). [a shining eye]
 43535 | Slime:6  | Entered Level 6 of the Pits of Slime
 43669 | Slime:5  | Reached XP level 22. HP: 174/174 MP: 33/37
 43678 | Slime:5  | Learned a level 6 spell: Poisonous Cloud
 43798 | Slime:6  | Noticed the Royal Jelly
 43980 | Slime:6  | HP: 10/226 [death ooze[the Royal Jelly] (16)]
 43980 | Slime:6  | Slain by an azure jelly

Vault maps used:
D:1:      elethiomel_arrival_quiet
D:2:      grunt_dithmenos_smoke
D:3:      roderic_greek_sauvastika
D:4:      mrwooster_statue_mirror, st_stairs_4
D:5:      serial_shops, shop, first_bread
D:6:      kiku_gazebo_garden_becter, serial_shops, shop, kennysheep_mini_moat,
          tgw_fedhas
D:8:      lair_0_dummy, serial_shops, kennysheep_mini
D:9:      the_bakery, bh_circular_ruins, uniq_psyche, uniq_pikel
D:11:     st_stairs_1, water_maze_lemuel
D:12:     orc_david_3, uniq_josephine, uniq_nessos
D:13:     serial_shops, bzr_entry_customers, serial_undead, serial_undead_f,
          serial_undead_f, serial_undead_d, serial_undead_f, serial_undead_d,
          serial_undead_b, kennysheep_generic_room_7
D:14:     wad_arrow_thing, lightli_vaults_fourway_checkpoint,
          minmay_misc_feat_pillars
D:15:     grunt_enter_depths_snipers, corexii_hall_statues_i,
          serial_co_window_serial, co_window_paths_a, co_window_corner_a,
          co_window_corner_a, co_window_of_opportunity_a, co_window_corner_a,
          co_window_unsneaky_path_d, co_window_cross_3, co_window_broadway_b,
          co_window_broadway_c, co_window_unsneaky_path_b, glass_columns_b,
          nicolae_gozag_cash_rules_everything_around_me
Temple:   dpeg_three_leaves_temple_18
Lair:1:   uniq_erica, uniq_fannar
Lair:2:   portal_ice_cave_entry_ice_beasts, lemuel_fruit_fields,
          serial_bayou_shore_a, uniq_prince_ribbit2, uniq_gastronok
Lair:3:   elwin_shoals_entry_stream, beast_lair_carwin_11
Lair:4:   enter_volcano_2, st_stairs_9, grunt_megastairs_4
Lair:5:   lemuel_fruit_tree, uniq_maud
Lair:6:   spider_nest_entry_web_field, roderic_batcave
Lair:7:   lab_entry_generic
Lair:8:   minmay_lair_end_frog_pond, slime_altar_1, minivault_25, minivault_24
Shoals:2: cheibrodos_shoals_oceanic_diplomacy, uniq_kirke
Shoals:3: serial_shops, shop, nicolae_shop_behind_doors,
          nicolae_shop_waterfront, uniq_polyphemus, uniq_louise
Shoals:4: shoals_end_simple, shoals_ilsuiw_ice,
          nicolae_shoals_kraken_intersection
Spider:4: spider_rune_water
Orc:1:    nicolae_orc_lava_tube, minmay_orc_barracks
Orc:2:    pubby_orc_utopia
Elf:1:    elf_arrival_001, serial_shops, shop, serial_corexii_hall,
          corexii_hall_statues_x, corexii_hall_statues_s, orc_legates,
          uniq_frances
Elf:2:    serial_shops, shop_statue, minivault_23, uniq_wiglaf, uniq_donald
Elf:3:    elf_hall
Lab:      labyrinth_mini_lab, labyrinth_glass_1
Bazaar:   bazaar_jpeg_cross
IceCv:    ice_cave_statue_garden_02
Volcano:  volcano_bunker

Skill      XL: |  1  2  3  4  5  6  7  8  9 10 11 12 13 14 15 16 17 18 19 20 21 |
---------------+----------------------------------------------------------------+-----
Fighting       | 1 2 3 4 5 6 8 9 11 13 14 15 16 17 | 17.2
Conjurations   | 1 2 3 4 5 6 7 8 9 |  9.5
Poison Magic   | 6 7 8 9 10 11 | 11.8
Dodging        | 2 3 4 5 6 7 8 9 10 | 10.6
Stealth        | 4 5 6 7 9 10 11 12 13 14 15 17 | 17.1
Spellcasting   | 3 4 5 6 8 9 10 11 | 11.5
Long Blades    | 1 3 4 6 7 9 10 11 12 13 14 | 14.3
Invocations    | 1 2 3 5 6 7 8 9 11 12 13 | 13.1
Translocations | 1 5 |  5.7
Armour         | 2 7 |  7.5
Transmutations | 6 9 10 11 | 11.1
Earth Magic    | 6 8 10 | 10.1
Shields        | 2 3 4 6 |  6.5
Charms         | 3 |  3.5
Air Magic      | 3 |  3.1

Action                   |  1- 3 |  4- 6 |  7- 9 | 10-12 | 13-15 | 16-18 | 19-21 | 22-24 || total
-------------------------+-------+-------+-------+-------+-------+-------+-------+-------++-------
Melee: Short sword       |    32 |    69 |    33 |       |       |       |       |       ||   134
       Unarmed           |     3 |       |       |       |       |       |       |       ||     3
       Dagger            |       |    12 |       |     1 |    17 |       |       |       ||    30
       Long sword        |       |       |   189 |   419 |   792 |  1401 |   603 |       ||  3404
       Scimitar          |       |       |       |       |    37 |    18 |       |       ||    55
       Scythe            |       |       |       |       |     4 |       |       |       ||     4
       Double sword      |       |       |       |       |       |       |   190 |    27 ||   217
Throw: Throwing net      |       |       |       |       |       |       |     1 |       ||     1
 Cast: Sting             |    49 |   103 |    35 |    13 |       |       |       |       ||   200
       Mephitic Cloud    |       |     4 |    10 |    19 |    11 |    13 |     6 |     1 ||    64
       Olgreb's Toxic Ra |       |     2 |    11 |    20 |    19 |    15 |    48 |       ||   115
       Venom Bolt        |       |       |       |    15 |    27 |    36 |    27 |       ||   105
       Blink             |       |       |       |     3 |    12 |     4 |     3 |       ||    22
       Apportation       |       |       |       |     2 |       |       |       |       ||     2
       Ignite Poison     |       |       |       |       |     7 |       |    67 |     2 ||    76
       Passage of Golubr |       |       |       |       |     2 |       |     7 |       ||     9
       Statue Form       |       |       |       |       |       |     1 |     8 |     2 ||    11
       Poisonous Cloud   |       |       |       |       |       |       |       |     2 ||     2
Invok: Temporal Distorti |       |       |       |     5 |       |     7 |     2 |       ||    14
       Slouch            |       |       |       |     9 |    19 |     7 |    10 |       ||    45
       Step From Time    |       |       |       |       |       |     1 |     2 |     1 ||     4
       Bend Time         |       |       |       |       |       |       |     1 |       ||     1
 Abil: Spit Poison       |     7 |     8 |     8 |     7 |    10 |     1 |       |       ||    41
       Evoke Flight      |       |       |       |       |     1 |       |       |       ||     1
       Breathe Poison Ga |       |       |       |       |       |     1 |    41 |     1 ||    43
Evoke: Wand              |       |       |     4 |    29 |     2 |     1 |       |       ||    36
       Phantom mirror    |       |       |       |       |     1 |       |       |       ||     1
  Use: Scroll            |       |     1 |     3 |    21 |     6 |    14 |    15 |     1 ||    61
       Potion            |       |       |     3 |     3 |     2 |     3 |     1 |       ||    12
 Stab: Sleeping          |     2 |       |     5 |    25 |    64 |    70 |    23 |       ||   189
       Confused          |       |     4 |     3 |     8 |     7 |     7 |     1 |       ||    30
       Distracted        |       |       |       |     1 |    11 |    12 |    10 |     1 ||    35
  Eat: Chunk             |     1 |     8 |    11 |    29 |    34 |    31 |    29 |       ||   143
       Pizza             |       |       |       |     1 |       |     2 |     1 |       ||     4
       Beef jerky        |       |       |       |       |     1 |     2 |     5 |       ||     8
       Royal jelly       |       |       |       |       |       |     1 |       |       ||     1
